 Dungeon Crawl Stone Soup version 0.28.0-53-g5a82cb258f (webtiles) character file.

Game seed: 10655135504217358176

10828 Ashen the Fighter (level 11, -4/115 HPs)
             Began as an Ogre Ice Elementalist on Aug 18, 2022.
             Was a Believer of Vehumet.
             Engulfed by a cloud of acidic fog (12 damage)
             ... on level 11 of the Dungeon.
             The game lasted 00:36:37 (14283 turns).

Ashen the Fighter (Ogre Ice Elementalist)          Turns: 14283, Time: 00:36:37

Health: -4/115     AC:  0    Str: 14    XL:     11   Next: 68%
Magic:  23/23      EV:  8    Int: 20    God:    Vehumet [**....]
Gold:   341        SH:  7    Dex:  5    Spells: 12/26 levels left

rFire   . . .      SeeInvis .   s - +5 mace "Ogre's Regret" {freeze, rPois rC+++ Dex-4}
rCold   + + +      Faith    .   p - +0 kite shield
rNeg    . . .      Spirit   .   S - +0 troll leather armour
rPois   +          Reflect  .   Q - +2 hat
rElec   .          Harm     .   I - +0 cloak
rCorr   .          Rampage  .   (gloves unavailable)
Will    +....                   (boots unavailable)
Stlth   ++........              a - amulet of magic regeneration
HPRegen 1.09/turn               i - +4 ring of protection
MPRegen 0.58/turn               D - +4 ring of slaying

@: corroded
A: large, unfitting armour, tough skin 1
a: Renounce Religion


You were on level 11 of the Dungeon.
You worshipped Vehumet.
Vehumet was pleased with you.
You visited 1 branch of the dungeon, and saw 11 of its levels.

You collected 614 gold pieces.
You spent 273 gold pieces at shops.

Inventory:

Hand Weapons
 f - a +0 giant spiked club
 r - the +7 quarterstaff "Baemn" {vorpal, rElec Stlth+}
   (You found it on level 4 of the Dungeon)

   It inflicts extra damage upon your enemies.
   rElec:     It insulates you from electricity.
   Stlth:     It makes you more stealthy.
 s - the +5 mace "Ogre's Regret" (weapon) {freeze, rPois rC+++ Dex-4}
   (You found it on level 4 of the Dungeon)

   It freezes those it strikes, dealing additional cold damage.
   It can also slow down cold-blooded creatures.
   Dex:       It affects your dexterity (-4).
   rC:        It renders you almost immune to cold.
   rPois:     It protects you from poison.
Missiles
 w - 2 poisoned darts (quivered)
 A - 4 throwing nets
Armour
 p - a +0 kite shield (worn)
 E - +0 steam dragon scales
 I - a +0 cloak (worn)
 P - +0 ice dragon scales
 Q - a +2 hat (worn)
 S - a +0 troll leather armour (worn)
Jewellery
 a - an amulet of magic regeneration (around neck)
 b - a +6 ring of strength
 e - a ring of positive energy
 i - a +4 ring of protection (left hand)
 o - a ring of resist corrosion
 D - a +4 ring of slaying (right hand)
 O - a +6 ring of intelligence
Wands
 n - a wand of charming (11)
 C - a wand of iceblast (24)
 N - a wand of flame (8)
Scrolls
 c - 2 scrolls of brand weapon {unknown}
 d - a scroll of torment {unknown}
 g - 2 scrolls of fog
 h - 9 scrolls of identify {unknown}
 l - 7 scrolls of teleportation
 m - 2 scrolls of enchant armour {unknown}
 x - a scroll of noise {unknown}
 y - 2 scrolls of enchant weapon
 z - 2 scrolls of amnesia
 B - a scroll of summoning {unknown}
 F - a scroll of fear {unknown}
 R - a scroll of holy word {unknown}
Potions
 j - 3 potions of mutation {unknown}
 k - a potion of might {unknown}
 q - 2 potions of curing
 t - 2 potions of attraction {unknown}
 u - 2 potions of brilliance {unknown}
 v - a potion of berserk rage {unknown}
 G - a potion of magic {unknown}
 H - 2 potions of heal wounds {unknown}
 J - 2 potions of invisibility {unknown}
 K - 3 potions of degeneration {unknown}
 L - a potion of ambrosia {unknown}
 M - a potion of cancellation {unknown}
 T - a potion of flight {unknown}
 U - a potion of haste {unknown}
 V - a potion of resistance


   Skills:
 + Level 9.1 Fighting
 + Level 6.1 Maces & Flails
 + Level 6.5 Dodging
 + Level 5.9 Stealth
 + Level 5.7 Shields
 + Level 8.0 Spellcasting
 + Level 0.9 Conjurations
 + Level 7.3 Ice Magic


You had 12 spell levels left.
You knew the following spells:

 Your Spells              Type           Power      Damage    Failure   Level
a - Freeze                Ice            100%       1d11      1%          1
b - Frozen Ramparts       Ice            74%        1d9       3%          3
c - Ozocubu's Armour      Ice            37%        N/A       3%          3
d - Foxfire               Conj/Fire      36%        2x1d5     21%         1
e - Hailstorm             Conj/Ice       24%        3d7       41%         4
f - Blink                 Tloc           16%        N/A       34%         2

Your spell library contained the following spells:

 Spells                   Type           Power      Damage    Failure   Level
 Ignite Poison            Fire/Tmut/Pois 8%         N/A       56%         3
 Magic Dart               Conj           44%        1d5       16%         1
 Slow                     Hex            32%        N/A       24%         1
 Searing Ray              Conj           22%        2d5       24%         2
 Scorch                   Fire           16%        2d6       34%         2
 Confusing Touch          Hex            8%         N/A       56%         3
 Lesser Beckoning         Tloc           8%         N/A       56%         3
 Vampiric Draining        Necr           8%         2d6       56%         3
 Flame Wave               Conj/Fire      9%         2d5       89%         4
 Fulminant Prism          Conj/Hex       4%         3d6       89%         4
 Iskenderun's Mystic Bla  Conj/Tloc      9%         2d4       89%         4
 Passage of Golubria      Tloc           8%         N/A       93%         4
 Manifold Assault         Tloc           8%         N/A       100%        5
 Summon Cactus Giant      Summ           4%         N/A       100%        6
 Ignition                 Fire           4%         3d4       100%        8


Dungeon Overview and Level Annotations

Branches:
Dungeon (11/15)            Temple (0/1) D:7            Lair (0/6) D:8
    Orc: D:9-12

Altars:
Cheibriados
Elyvilon
Gozag
Sif Muna
Vehumet
Yredelemnul
Lugonu

Shops:
D:3 [   D:6 (*(?

Portals:
Abyss: D:3

Annotations:
D:3 2 runed translucent doors, exclusion: 2 doors
D:11 1 transporter


Innate Abilities, Weirdness & Mutations

You are too large for most types of armour.
You have tough skin. (AC +1)


Message History

There is an open door here.
You open the door.
Found a transporter.
There is an open door here.
As you open the door, it creaks loudly!
Found a yellow potion.
Found a ring mail.
There is an open door here.
Found a potion of resistance.
U - a yellow potion
There is a transporter here.
You enter the transporter and appear at another place.
V - a potion of resistance You open the gate.
A jelly and 4 acid dragons come into view.
Found three items.
Found a transporter.
Press: ? - help, v - describe, . - travel, g - get item Item here: Onafow's Disquisition on Shape Shifting.
The floor.
An acid dragon comes into view.
Found 14 gold pieces.
You are engulfed in acidic fog.
The acid dragon roars! x2
The jelly quivers.
The acid dragon spits acid at you. The splash of acid hits you!!
The acid corrodes you! The jelly closely misses you.
The acid dragon spits acid at you. The splash of acid hits you!
The acid corrodes you!
There is an open gate here.
You are engulfed in acidic fog.
* * * LOW HITPOINT WARNING * * *
You block the jelly's attack. The acid dragon spits acid at you.
You block the splash of acid.
Okay, then.
Casting: Foxfire (safe; 21% risk of failure)
Confirm with . or Enter, or press ? or * to list all spells.
You don't know that spell.
You are engulfed in acidic fog.
The acid corrodes you!
You die...

#... #####... ## .......#####...
....#......[... ....#..........
####### ....+....########°°○D☼#
....#....#☼○°°☼☼#D☼○°☼#..
....#....#○☼°○°☼#○○☼☼○#.. ####
#####'#..#°.#.#.@J○○$$#.. ###...
...'....©#○°©...☼°☼○:©#©. #.....
...#.....#○○#.#.○D.☼[$#.. #.....
...#.....#.○○.°☼#☼D°○○#.. #.....
.###+#####○☼.°○○#°○°D○#....#.....
##.......########○○°°°#....#.....
+..............#######....#.....
#...............#...#.....#.....
#...............#...+.....#.....


You could see 5 acid dragons and a jelly.

Vanquished Creatures
  3 two-headed ogres
  A cyclops (D:11)
  A gargoyle (D:10)
  Maggie (D:8)
  A yaktaur (shapeshifter) (D:10)
  2 trolls
  A hornet (D:7)
  A wraith (D:11)
  20 yaks
  A vampire (D:10)
  A steam dragon (D:7)
  An acid dragon (D:6)
  2 water moccasins
  3 black bears
  3 orc warriors
  An ice beast (D:5)
  2 ogres (D:5)
  7 centaurs
  A phantom (D:4)
  A scorpion (D:6)
  A wyvern zombie (D:7)
  2 bullfrogs (D:7)
  A gnoll sergeant (D:11)
  4 wights
  13 killer bees
  An electric eel (D:10)
  3 centaur zombies
  3 orc priests
  3 hounds
  A gnoll shaman (D:6)
  2 centaur skeletons
  A jelly (D:6)
  6 iguanas
  11 orc wizards
  A scorpion zombie (D:5)
  A killer bee zombie (D:9)
  A hound zombie (D:5)
  A hound skeleton (D:4)
  11 gnolls
  A howler monkey skeleton (D:7)
  7 adders
  A shadow imp (D:6)
  A white imp (D:6)
  An adder skeleton (D:4)
  A worm (D:2)
  3 dart slugs
  33 orcs
  9 bats
  6 endoplasms
  A giant cockroach (D:1)
  5 goblins
  3 hobgoblins
  6 jackals
  7 kobolds
  6 quokkas
  6 ball pythons
  2 frilled lizards
  7 rats
227 creatures vanquished.

Vanquished Creatures (others)
  64 foxfires
64 creatures vanquished.

Grand Total: 291 creatures vanquished

Notes
Turn   | Place    | Note
-------+----------+-------------------------------------------
     0 | D:1      | Ashen the Ogre Ice Elementalist began the quest for the
                  | Orb.
     0 | D:1      | Reached XP level 1. HP: 16/16 MP: 3/3
   498 | D:1      | Reached XP level 2. HP: 26/26 MP: 3/5
   623 | D:1      | Reached skill level 1 in Fighting
  1012 | D:1      | Reached XP level 3. HP: 33/33 MP: 5/7
  1095 | D:1      | Found a faded altar of an unknown god.
  1511 | D:2      | Learned a level 3 spell: Frozen Ramparts
  1515 | D:2      | Learned a level 3 spell: Ozocubu's Armour
  1663 | D:2      | Reached XP level 4. HP: 38/42 MP: 3/8
  1809 | D:2      | Reached skill level 2 in Fighting
  2417 | D:3      | Reached skill level 1 in Maces & Flails
  2417 | D:3      | Reached XP level 5. HP: 41/49 MP: 4/9
  2673 | D:3      | Found a large runed translucent door.
  2674 | D:3      | Found a large runed translucent door.
  2674 | D:3      | Found a corrupted altar of Lugonu.
  2781 | D:3      | Found Licvod's Antique Armour Emporium.
  3209 | D:3      | Got Sado Uruxe's Grimoire of the Displaced Blaze
  3414 | D:3      | Found a one-way gate to the infinite horrors of the Abyss.
  3507 | D:4      | Reached XP level 6. HP: 43/59 MP: 4/11
  3521 | D:4      | Reached skill level 3 in Fighting
  3878 | D:4      | Identified the +7 quarterstaff "Baemn" {vorpal, rElec
                  | Stlth+}
  4008 | D:4      | Found a snail-covered altar of Cheibriados.
  4031 | D:4      | Identified the +5 mace "Ogre's Regret" {freeze, rPois rC+++
                  | Dex-4}
  4110 | D:4      | Found a basalt altar of Yredelemnul.
  4415 | D:5      | Entered Level 5 of the Dungeon
  4458 | D:5      | Reached XP level 7. HP: 67/67 MP: 5/12
  4863 | D:5      | Reached skill level 1 in Shields
  4936 | D:5      | Noticed a troll
  5166 | D:5      | Reached skill level 4 in Fighting
  5660 | D:5      | Killed a troll
  5661 | D:5      | Reached XP level 8. HP: 59/79 MP: 1/14
  6389 | D:5      | Found a radiant altar of Vehumet.
  6409 | D:5      | Became a worshipper of Vehumet
  6419 | D:5      | Found a shimmering blue altar of Sif Muna.
  6423 | D:5      | Found a white marble altar of Elyvilon.
  6455 | D:5      | Reached skill level 5 in Ice Magic
  6669 | D:6      | Found Neosev's General Store.
  6781 | D:6      | Found Ototig's Weapon Boutique.
  6889 | D:6      | Found an opulent altar of Gozag.
  6958 | D:6      | Reached skill level 5 in Fighting
  7080 | D:6      | Reached skill level 5 in Spellcasting
  7210 | D:6      | Found Emikuogo's Magic Scroll Emporium.
  7220 | D:6      | Bought a scroll of teleportation for 42 gold pieces
  7220 | D:6      | Bought a scroll of fog for 28 gold pieces
  7220 | D:6      | Bought a scroll of enchant weapon for 105 gold pieces
  7220 | D:6      | Bought a scroll of amnesia for 49 gold pieces
  7220 | D:6      | Bought a scroll of amnesia for 49 gold pieces
  7578 | D:6      | Found Dovej's Weapon Shop.
  7617 | D:6      | Reached XP level 9. HP: 81/88 MP: 3/16
  7626 | D:6      | Reached * piety under Vehumet
  7626 | D:6      | Offered knowledge of Foxfire by Vehumet.
  7632 | D:6      | Learned a level 1 spell: Foxfire
  7637 | D:6      | Learned a level 4 spell: Hailstorm
  8747 | D:7      | Noticed a hornet
  8928 | D:7      | Reached skill level 6 in Fighting
  8937 | D:7      | Reached skill level 5 in Dodging
  9148 | D:7      | Found a staircase to the Ecumenical Temple.
  9156 | D:7      | Killed a hornet
  9172 | D:7      | Reached XP level 10. HP: 62/100 MP: 7/19
  9683 | D:8      | Found a staircase to the Lair.
  9690 | D:8      | Noticed Maggie
 10223 | D:8      | Reached skill level 7 in Fighting
 11008 | D:8      | Learned a level 2 spell: Blink
 11020 | D:8      | Killed Maggie
 11528 | D:9      | Reached skill level 5 in Maces & Flails
 11528 | D:9      | Reached skill level 5 in Stealth
 11639 | D:9      | Reached ** piety under Vehumet
 11639 | D:9      | Offered knowledge of Poisonous Vapours by Vehumet.
 11849 | D:9      | Noticed a two-headed ogre
 11856 | D:9      | Killed a two-headed ogre
 11951 | D:10     | Entered Level 10 of the Dungeon
 11959 | D:10     | Noticed a gargoyle
 11970 | D:10     | Killed a gargoyle
 11971 | D:10     | Reached skill level 8 in Fighting
 12100 | D:10     | Reached skill level 5 in Shields
 12100 | D:10     | Reached XP level 11. HP: 111/111 MP: 21/21
 12109 | D:10     | Noticed a two-headed ogre
 12138 | D:10     | Noticed a two-headed ogre
 12138 | D:10     | Killed a two-headed ogre
 12148 | D:10     | Killed a two-headed ogre
 13633 | D:11     | Noticed a cyclops
 13650 | D:11     | Killed a cyclops
 13891 | D:11     | Offered knowledge of Ignite Poison by Vehumet.
 13892 | D:11     | Reached skill level 9 in Fighting
 14258 | D:11     | Found a transporter.
 14280 | D:11     | Found a transporter.
 14283 | D:11     | Engulfed by a cloud of acidic fog

Illustrated notes

Levels and vault maps discovered:
D:1:      nzn_arrival_depleted_hourglass, layout_basic,
          shapermc_ecumenical_altar_mp_vishouse, chequers_serial_rivers_micro_e
D:2:      layout_loops_ring, chequers_serial_rivers_marsh, serial_bayou_pond_b
D:3:      due_chaos_kobolds, layout_basic, serial_shops, shop
D:4:      layout_cave_pools, kennysheep_little_box, kennysheep_mini_moat,
          minmay_misc_feat_roman, chequers_jeans
D:5:      layout_loops_corners, minmay_overflow_temple_star_quad
D:6:      layout_loops_ring, grunt_gozag_breadcrumbs, serial_shops,
          shop_scrolls, nicolae_diamond_shop, nicolae_shop_trees,
          nicolae_take_the_stairs, minmay_misc_feat_x, minmay_fountain_box,
          grunt_ministairs_3, minmay_puff
D:7:      layout_gridville, minmay_temple_entry_sparse_star
D:8:      layout_layer_cave, lair_entry_dummy, uniq_maggie
D:9:      layout_roguey, dk_vineyard_1
D:10:     layout_basic, chequers_mini_garden
D:11:     gammafunk_cloud_chamber, layout_gridville

Skill      XL: |  1  2  3  4  5  6  7  8  9 10 11 |
---------------+----------------------------------+-----
Dodging        | 2 3 4 5 6 |  6.5
Fighting       | 1 2 3 4 5 6 8 9 |  9.1
Stealth        | 2 3 4 5 |  5.9
Spellcasting   | 3 4 5 6 7 8 |  8.0
Ice Magic      | 4 5 6 7 |  7.3
Maces & Flails | 1 2 3 4 5 6 |  6.1
Shields        | 1 2 3 5 |  5.7
Conjurations   | |  0.9

Action                   |  1- 3 |  4- 6 |  7- 9 | 10-12 || total
-------------------------+-------+-------+-------+-------++-------
Melee: Unarmed           |    20 |       |       |       ||    20
       Whip              |    20 |    87 |       |       ||   107
       Punch             |       |     1 |       |       ||     1
       Mace              |       |    18 |   164 |   175 ||   357
       Giant spiked club |       |       |    52 |       ||    52
Throw: Dart              |       |       |     2 |       ||     2
 Cast: Freeze            |    37 |    51 |    16 |     8 ||   112
       Frozen Ramparts   |       |     7 |    20 |    23 ||    50
       Ozocubu's Armour  |       |     5 |    28 |    15 ||    48
       Foxfire           |       |       |     1 |    32 ||    33
       Hailstorm         |       |       |       |     1 ||     1
  Use: Potion            |       |       |     1 |       ||     1
 Stab: Sleeping          |     1 |     3 |     1 |     2 ||     7
Armor: Robe              |    28 |    68 |   157 |    10 ||   263
       Steam dragon scal |       |       |       |   120 ||   120
Dodge: Dodged            |    32 |    82 |   126 |   104 ||   344
Block: Kite shield       |       |     8 |    67 |   114 ||   189
